 Dungeon Crawl Stone Soup version 0.19.1 (webtiles) character file.

200 Peloso the Covered (level 5, -5/41 HPs)
             Began as a Demonspawn Fighter on Dec 24, 2016.
             Slain by Crazy Yiuf
             ... wielding a +4 quarterstaff of chaos
              (7 damage)
             ... on level 3 of the Dungeon.
             The game lasted 00:05:39 (2869 turns).

Peloso the Covered (Demonspawn Fighter)             Turns: 2869, Time: 00:05:39

Health: -5/41      AC:  8    Str: 17    XL:     5   Next: 48%
Magic:  0/5        EV:  7    Int:  9    God:
Gold:   113        SH:  9    Dex: 13    Spells: 0 memorised, 4 levels left

rFire  . . .     SeeInvis .     a - +0 long sword
rCold  + . .     Gourm    .     b - +0 scale mail
rNeg   . . .     Faith    .     c - +0 shield
rPois  .         Spirit   +     (no helmet)
rElec  .         Reflect  .     (no cloak)
rCorr  .         Harm     .     (no gloves)
MR     .....                    n - +0 pair of boots
Stlth  ..........               (no amulet)
                                (no ring)
                                l - ring of ice

@: slowed, very slow
A: fire resistance 1, magic shield, magic regeneration
a: no special abilities


You were on level 3 of the Dungeon.
You were hungry.

You visited 1 branch of the dungeon, and saw 3 of its levels.

You collected 113 gold pieces.

Inventory:

Hand Weapons
 a - a +0 long sword (weapon)
Armour
 b - a +0 scale mail (worn)
 c - a +0 shield (worn)
 n - a +0 pair of boots (worn)
Jewellery
 l - a ring of ice (left hand)
Wands
 e - a wand of polymorph (7/24)
Scrolls
 h - 5 scrolls of identify
 m - a scroll of remove curse
 r - 2 scrolls of amnesia
 v - a scroll of teleportation
Potions
 d - 2 potions of might
 i - a potion of resistance
 o - a potion of agility {unknown}
 p - a potion of ambrosia {unknown}
 q - a potion of lignification {unknown}
 s - a potion of invisibility {unknown}
 t - a potion of cure mutation {unknown}
 w - a potion of magic {unknown}
Comestibles
 f - 5 bread rations
 g - a beef jerky
 k - 2 meat rations
 u - 2 chunks of flesh


   Skills:
 + Level 3.4 Fighting
 + Level 3.2 Long Blades
 + Level 3.7 Armour
 + Level 0.8 Dodging
 + Level 3.6 Shields


You had 4 spell levels left.
You didn't know any spells.

Dungeon Overview and Level Annotations

Branches:
Dungeon (3/15)

Altars:
Cheibriados
Makhleb

Annotations:
D:3 Crazy Yiuf


Innate Abilities, Weirdness & Mutations

Your flesh is heat resistant. (rF+)
When hurt, damage is shared between your health and your magic reserves.
You regenerate magic rapidly.


Message History

You feel sick.
Crazy Yiuf hits you with a quarterstaff of chaos.
* * * LOW HITPOINT WARNING * * *
Crazy Yiuf freezes you.
* * * LOW HITPOINT WARNING * * *
It was a potion of curing.
You feel better.
Crazy Yiuf hits you with a quarterstaff of chaos!
* * * LOW HITPOINT WARNING * * *
Crazy Yiuf hits you but does no damage.
You are lethally poisoned!
You feel better.
Crazy Yiuf hits you with a quarterstaff of chaos!
* * * LOW HITPOINT WARNING * * *
You convulse!
* * * LOW HITPOINT WARNING * * *
Crazy Yiuf yells, "Shadow sing foot!"
You block Crazy Yiuf's attack.
Crazy Yiuf yells, "Tosser!
Line tortoise head."
Crazy Yiuf hits you with a quarterstaff of chaos!
You die...

##### #)..# #...#
#...# #'# ♣.♣♣
♣♣.♣ ♣g♣♣ ### ♣♣@♣
#.# ♣♣.♣♣ ####.#
♣♣...♣ #####....#
♣....♣ ..."..####
#....#
#############....#
###### #
#..<......#...##
#....# #
#.........#..##
#..#######
###.........#.##
#.##_..._#


You could see Crazy Yiuf.

Vanquished Creatures
  A necrophage (D:3)
  4 adders
  3 worms
  2 dart slugs
  2 leopard geckos
  5 bats
  4 giant cockroaches
  3 goblins
  12 hobgoblins
  4 jackals (D:1)
  6 kobolds
  2 quokkas
  6 frilled lizards
  4 rats
58 creatures vanquished.

Notes
Turn   | Place    | Note
-------+----------+-------------------------------------------
     0 | D:1      | Peloso the Demonspawn Fighter began the quest for the Orb.
     0 | D:1      | Reached XP level 1. HP: 18/18 MP: 1/1
   111 | D:1      | Gained mutation: When hurt, damage is shared between your health and your magic reserves. [demonic ancestry]
   111 | D:1      | Reached XP level 2. HP: 9/24 MP: 2/2
   700 | D:1      | Reached XP level 3. HP: 29/29 MP: 3/3
  2070 | D:3      | Gained mutation: Your flesh is heat resistant. (rF+) [demonic ancestry]
  2070 | D:3      | Reached XP level 4. HP: 35/35 MP: 4/4
  2137 | D:3      | Noticed a necrophage
  2171 | D:3      | Killed a necrophage
  2171 | D:3      | Gained mutation: You regenerate magic rapidly. [demonic ancestry]
  2171 | D:3      | Reached XP level 5. HP: 19/39 MP: 5/5
  2243 | D:3      | Found a runed door.
  2663 | D:3      | Found a snail-covered altar of Cheibriados.
  2663 | D:3      | Found a burning altar of Makhleb.
  2850 | D:3      | Noticed Crazy Yiuf
  2865 | D:3      | HP: 1/41 [Crazy Yiuf/quarterstaff of chaos (8)]
  2869 | D:3      | Slain by Crazy Yiuf

Skill      XL: |  1  2  3  4 |
---------------+-------------+-----
Armour         | 3 |  3.7
Shields        | 3 |  3.6
Long Blades    | 2 3 |  3.2
Fighting       | |  3.4
Dodging        | |  0.8

Action                   |  1- 3 |  4- 6 || total
-------------------------+-------+-------++-------
Melee: Long sword        |   178 |    79 ||   257
  Use: Scroll            |     8 |       ||     8
       Potion            |       |     2 ||     2
  Eat: Chunk             |     4 |     2 ||     6
Armor: Scale mail        |    78 |    39 ||   117
Dodge: Dodged            |    53 |    33 ||    86
Block: Shield            |    93 |    41 ||   134
       Rpst.: Long sword |    12 |     7 ||    19
